 Dungeon Crawl Stone Soup version 0.18-a0-960-g77c8fc5 (webtiles) character file.

260 Yawgmoth the Digger (level 6, -9/32 HPs)
             Began as a Gargoyle Earth Elementalist on Dec 31, 2015.
             Mangled by an ice beast (11 damage)
             ... on level 3 of the Dungeon.
             The game lasted 00:18:44 (3390 turns).

Yawgmoth the Digger (Gargoyle Earth Elementalist)   Turns: 3390, Time: 00:18:44

Health: -9/32      AC:  6    Str: 12    XL:     6   Next: 17%
Magic:  0/12       EV: 12    Int: 17    God:
Gold:   191        SH:  0    Dex: 10    Spells: 3 memorised, 7 levels left

rFire  . . .     SeeInvis .     s - +4 short sword
rCold  . . .     Gourm    .     a - +0 robe
rNeg   + . .     Faith    .     (no shield)
rPois  ∞         Spirit   .     (no helmet)
rElec  +         Dismiss  .     (no cloak)
rCorr  .         Reflect  .     (no gloves)
SustAt .         Harm     .     (no boots)
MR     .....                    (no amulet)
Stlth  ++........               (no ring)
                                (no ring)

@: very slightly contaminated, not resistant to hostile enchantments, unstealthy
A: negative energy resistance 1, electricity resistance, unbreathing,
petrification resistance, rot immunity, AC +4
a: no special abilities


You were on level 3 of the Dungeon.
You were hungry.

You visited 1 branch of the dungeon, and saw 3 of its levels.
You also visited: Sewer.

You collected 191 gold pieces.

Inventory:

Hand Weapons
 s - a +4 short sword (weapon)
 x - a +0 flail of protection
Missiles
 b - 57 stones (quivered)
Armour
 a - a +0 robe (worn)
 f - a +0 ring mail
 t - a +0 plate armour
 z - a +1 chain mail of positive energy
Rods
 o - a -1 rod of destruction (14/14)
   (You found it on level 2 of the Dungeon)
Scrolls
 h - 2 scrolls of remove curse {unknown}
 l - a scroll of immolation {unknown}
 m - a scroll of recharging {unknown}
 n - 3 scrolls of teleportation
 p - a scroll of magic mapping {unknown}
 q - 5 scrolls of identify {unknown}
 u - a scroll of random uselessness {unknown}
 y - a scroll of noise {unknown}
Potions
 e - 3 potions of flight
 g - 4 potions of ambrosia {unknown}
 j - a potion of brilliance {unknown}
 k - a potion of cancellation {unknown}
 r - a potion of curing {unknown}
 w - a potion of heal wounds {unknown}
Books
 c - a book of Geomancy

   Spells                             Type                      Level
   a - Sandblast                      Earth                        1
   b - Stoneskin                      Transmutation/Earth          2
   c - Passwall                       Transmutation/Earth          3
   d - Stone Arrow                    Conjuration/Earth            3
   e - Petrify                        Transmutation/Earth          4
   f - Lee's Rapid Deconstruction     Earth                        5
Comestibles
 d - 6 bread rations
 i - 3 fruits
 v - a chunk of flesh


   Skills:
 - Level 1.5 Dodging
 - Level 2.1 Stealth
 + Level 4.3 Spellcasting
 + Level 1.2 Conjurations
 - Level 0.7 Transmutations
 + Level 5.9 Earth Magic


You had 7 spell levels left.
You knew the following spells:

 Your Spells              Type           Power        Failure   Level  Hunger
a - Sandblast             Erth           ###...       1%          1    None
b - Stoneskin             Trmt/Erth      ###.....     10%         2    ##.....
c - Stone Arrow           Conj/Erth      ###...       12%         3    ###....


Dungeon Overview and Level Annotations

Branches:
Dungeon (3/15)

Altars:
Ashenzari
Dithmenos
Kikubaaqudgha
Qazlal
Xom
Yredelemnul
The Shining One


Innate Abilities, Weirdness & Mutations

You are resistant to torment.
Your stone body is resilient (AC +4).
You are immune to poison.
You resist negative energy.
You are resistant to electric shocks.
You can survive without breathing.
You are immune to petrification.
You are immune to rotting.


Message History

Press: ? - help, Shift-Dir - straight line, f/p - ice beast
Aim: an ice beast (moderately wounded)
The stone arrow hits the ice beast.
The ice beast is severely wounded.
The ice beast hits you. The ice beast freezes you!
* * * LOW HITPOINT WARNING * * *
Drink which item? (? for menu, Esc to quit)
Okay, then.
You are feeling hungry.
Casting: Stone Arrow
Confirm with . or Enter, or press ? or * to list all spells.
Aiming: Stone Arrow
Press: ? - help, Shift-Dir - straight line, f/p - ice beast
Aim: an ice beast (severely wounded)
You miscast Stone Arrow.
Smoke pours from your hands!
The ice beast hits you but does no damage.
The ice beast hits you.
* * * LOW HITPOINT WARNING * * *
The ice beast freezes you!
You die...

.............# ##...#
........###..#
####...##
........#....###......#
.......##.#..#.......##
<....>....#........###
..>.........#...####
.........#########
.######### ##.#
.#.≈≈≈≈# #§@# .#≈≈≈≈.##
###Y## .#≈≈≈≈..# #§§§#
.#≈≈≈...# #§###
.#≈.....# #§# ........#
#.# ######.######.#
#......#.# ### ###
#......#.# ##.## ##.##


You could see an ice beast.

Vanquished Creatures
  An orc wizard (D:3)
  A siren (Sewer)
  A merfolk avatar (Sewer)
  4 river rats
  3 adders
  An ooze (D:3)
  2 worms (D:2)
  3 giant geckos
  5 orcs (D:3)
  3 giant cockroaches
  7 goblins
  11 hobgoblins
  7 jackals
  12 kobolds
  3 quokkas (D:2)
  6 ball pythons
  5 bats
  11 giant newts
  29 rats
115 creatures vanquished.

Notes
Turn   | Place    | Note
--------------------------------------------------------------
     0 | D:1      | Yawgmoth the Gargoyle Earth Elementalist began the quest for the Orb.
     0 | D:1      | Reached XP level 1. HP: 10/10 MP: 3/3
   278 | D:1      | Reached skill level 4 in Earth Magic
   278 | D:1      | Reached XP level 2. HP: 15/15 MP: 3/5
   780 | D:1      | Reached XP level 3. HP: 17/19 MP: 7/7
   894 | D:2      | Learned a level 2 spell: Stoneskin
   898 | D:2      | Learned a level 3 spell: Stone Arrow
  1127 | D:2      | Identified a -1 rod of destruction (14/14) (You found it on level 2 of the Dungeon)
  1307 | D:2      | Reached XP level 4. HP: 24/24 MP: 4/8
  1390 | D:2      | Found an ancient bone altar of Kikubaaqudgha.
  1565 | D:2      | Found a glowing golden altar of the Shining One.
  1565 | D:2      | Found a shadowy altar of Dithmenos.
  1642 | D:2      | Found a stormy altar of Qazlal.
  1642 | D:2      | Found a shimmering altar of Xom.
  2112 | D:3      | Found a glowing drain.
  2130 | D:3      | Reached skill level 5 in Earth Magic
  2145 | Sewer    | Entered a sewer
  2298 | Sewer    | Reached XP level 5. HP: 28/28 MP: 6/10
  2716 | Sewer    | Noticed a malarious merfolk avatar
  2735 | Sewer    | Killed a malarious merfolk avatar
  2798 | D:3      | Found a shattered altar of Ashenzari.
  2936 | D:3      | Found a basalt altar of Yredelemnul.
  3018 | D:3      | Reached XP level 6. HP: 29/32 MP: 7/12
  3025 | D:3      | Reached skill level 1 in Conjurations
  3362 | D:3      | Noticed an ice beast
  3390 | D:3      | Mangled by an ice beast

Vault maps used:
D:1:      roderic_crossed_star
D:2:      kiku_gazebo_pond_becter, grunt_temple_overflow_open, first_bread
D:3:      ashenzari_altar_1, tgw_sif, lemuel_crystal_altar, serial_curves,
          eino_curves_03, eino_curves_03, eino_curves_04, eino_curves_03,
          portal_sewer_entry_b
Sewer:    sewer_sea

Action                   |  1- 3 |  4- 6 || total
-------------------------+-------+-------++-------
Melee: Short sword       |    65 |    98 ||   163
 Cast: Sandblast         |    35 |    82 ||   117
       Stone Arrow       |       |     2 ||     2
  Use: Potion            |       |     1 ||     1
 Stab: Sleeping          |       |     5 ||     5
  Eat: Chunk             |     2 |     6 ||     8
